 Dungeon Crawl Stone Soup version 0.30-a0-557-ge2afbf3030 (webtiles) character file.

Game seed: 1932463139813377068

579 bmack86 the Chopper (level 7, -2/61 HPs)
             Began as a Minotaur Fighter on Dec 28, 2022.
             Slain by a black bear (3 damage)
             ... on level 4 of the Dungeon.
             The game lasted 00:10:44 (2438 turns).

bmack86 the Chopper (Minotaur Fighter)              Turns: 2438, Time: 00:10:45

Health: -2/61      AC: 11    Str: 22    XL:     7   Next: 13%
Magic:  6/6        EV: 13    Int:  5    God:
Gold:   138        SH:  5    Dex: 10    Spells: 6/6 levels left

rFire   + . .      SeeInvis .    d - +0 broad axe
rCold   . . .      Faith    .    c - +0 buckler
rNeg    + . .      Spirit   .    n - +2 scale mail {rF+}
rPois   .          Reflect  .    (helmet restricted)
rElec   .          Harm     .    (no cloak)
rCorr   .          Rampage  .    k - +1 pair of gloves
Will    .....                    (no boots) Stlth
                                 i - amulet of the acrobat
HPRegen 0.30/turn                o - +4 ring of evasion
MPRegen 0.10/turn                b - ring of positive energy

@: no status effects
A: horns 2, retaliatory headbutt
a: no special abilities


You were on level 4 of the Dungeon.
You visited 1 branch of the dungeon, and saw 4 of its levels.

You collected 186 gold pieces.
You spent 48 gold pieces at shops.

Inventory:

Hand Weapons
 a - a +0 war axe of freezing
 d - a +0 broad axe (weapon)
Missiles
 l - 9 poisoned darts (quivered)
Armour
 c - a +0 buckler (worn)
 k - a +1 pair of gloves (worn)
 n - a +2 scale mail of fire resistance (worn)
Jewellery
 b - a ring of positive energy (right hand)
 i - an amulet of the acrobat (around neck)
 j - a ring of magical power
 o - a +4 ring of evasion (left hand)
Wands
 t - a wand of paralysis (8)
Scrolls
 g - 2 scrolls of teleportation
 u - a scroll of magic mapping
Potions
 e - 2 potions of invisibility
 f - 2 potions of magic
 h - 3 potions of curing
 p - a potion of attraction
 r - a potion of mutation
 v - 2 potions of lignification


   Skills:
 + Level 5.4 Fighting
 * Level 6.2 Axes
 + Level 5.4 Armour
 + Level 5.4 Shields


You had 6 spell levels left.
You didn't know any spells.
Your spell library contained the following spells:

 Spells                   Type           Power      Damage    Failure   Level
 Sting                    Tmut/Pois      0%         1d3       86%         1
 Freezing Cloud           Conj/Ice/Air   0%         6-21      100%        5
 Simulacrum               Ice/Necr       0%         N/A       100%        6
 Polar Vortex             Ice            0%         N/A       100%        9


Dungeon Overview and Level Annotations

Branches:
Dungeon (4/15)
 Temple: D:4-7

Altars:
Kikubaaqudgha
Sif Muna
Vehumet

Shops:
D:4 (


Innate Abilities, Weirdness & Mutations

You have a pair of horns on your head.
You reflexively headbutt those who attack you in melee.


Message History

The black bear closely misses you. x2; The black bear claws you.
The black bear bites you! The black bear claws you.
The black bear claws you but does no damage.
You closely miss the black bear.
The black bear is almost dead.
The black bear bites you! The black bear misses you.
The black bear closely misses you.
The black bear bites you but does no damage.
You block the black bear's attack. x2
You barely miss the black bear.
The black bear is almost dead.
The black bear closely misses you.
The black bear claws you but does no damage.
You block the black bear's attack.
The black bear bites you but does no damage.
The black bear claws you.
The black bear claws you but does no damage.
You hit the black bear.
The black bear is almost dead.
The black bear bites you! You block the black bear's attack.
The black bear claws you. The black bear barely misses you.
The black bear closely misses you.
The black bear claws you but does no damage.
You barely miss the black bear.
The black bear is almost dead.
The black bear misses you. The black bear closely misses you.
The black bear claws you but does no damage.
The black bear bites you!
* * * LOW HITPOINT WARNING * * *
The black bear claws you.
* * * LOW HITPOINT WARNING * * *
The black bear claws you.
* * * LOW HITPOINT WARNING * * *
You barely miss the black bear.
The black bear is almost dead.
The black bear misses you. The black bear closely misses you.
The black bear barely misses you. The black bear bites you!
* * * LOW HITPOINT WARNING * * *
The black bear completely misses you. The black bear claws you.
You die...

### #.# ##.#
##..# #..##
##..#
##.#'###
##..+@'.#
##...#h#.#
##.......##
###..#####.#
##..### .#
##..## .#
###..## .#
####...## .#
.....### .#


You could see a black bear (berserk).

Vanquished Creatures
  Sigmund (D:2)
  A phantom (D:4)
  A necrophage (D:4)
  A howler monkey (D:3)
  2 orc priests
  Terence (D:2)
  An iguana (D:4)
  Natasha (D:2)
  Ijyb (D:3)
  3 adders
  A worm (D:2)
  2 dart slugs (D:3)
  7 orcs
  2 ball pythons (D:2)
  2 endoplasms (D:1)
  2 giant cockroaches
  5 hobgoblins
  4 jackals (D:1)
  A quokka (D:2)
  4 bats
  5 frilled lizards
  6 goblins
  6 kobolds
  5 rats
65 creatures vanquished.

Notes
Turn   | Place    | Note
-------+----------+-------------------------------------------
     0 | D:1      | bmack86 the Minotaur Fighter began the quest for the Orb.
     0 | D:1      | Reached XP level 1. HP: 19/19 MP: 0/0
   146 | D:1      | Reached XP level 2. HP: 27/27 MP: 1/1
   154 | D:1      | Reached skill level 3 in Axes
   802 | D:2      | Found a faded altar of an unknown god.
   913 | D:2      | Noticed Natasha
   920 | D:2      | Killed Natasha
   921 | D:2      | Reached XP level 3. HP: 22/33 MP: 2/2
  1204 | D:2      | Noticed Terence
  1218 | D:2      | Killed Terence
  1219 | D:2      | Reached XP level 4. HP: 11/40 MP: 3/3
  1375 | D:2      | Reached skill level 4 in Axes
  1428 | D:2      | Noticed Sigmund
  1441 | D:2      | Killed Sigmund
  1442 | D:2      | Reached skill level 5 in Axes
  1442 | D:2      | Reached XP level 5. HP: 38/47 MP: 4/4
  1442 | D:2      | Reached XP level 6. HP: 44/55 MP: 5/5
  1850 | D:3      | Reached skill level 5 in Armour
  1921 | D:3      | Found a radiant altar of Vehumet.
  1933 | D:3      | Found a shimmering blue altar of Sif Muna.
  1934 | D:3      | Found an ancient bone altar of Kikubaaqudgha.
  1945 | D:3      | Got Sif Muna's Treatise on Moulding
  2032 | D:3      | Reached skill level 5 in Fighting
  2033 | D:3      | Noticed Ijyb
  2034 | D:3      | Reached skill level 5 in Shields
  2040 | D:3      | Killed Ijyb
  2290 | D:4      | Reached skill level 6 in Axes
  2290 | D:4      | Reached XP level 7. HP: 45/61 MP: 6/6
  2416 | D:4      | Found Oddutz's Weapon Shop.
  2419 | D:4      | Bought a +0 broad axe for 48 gold pieces
  2438 | D:4      | HP: 1/61 [black bear (7)]
  2438 | D:4      | Slain by a black bear

Illustrated notes

Levels and vault maps discovered:
D:1:      spicycebolla_green_bress_n_ham, layout_basic
D:2:      layout_rooms, ebering_ecumenical_altar_petrified, uniq_sigmund,
          uniq_terence, uniq_natasha
D:3:      layout_loops_cross, grunt_temple_overflow_magic_moments, uniq_ijyb
D:4:      layout_cave_pods, nicolae_overflows_in_rows, serial_shops,
          nicolae_shop_behind_doors, uniq_blork_the_orc

Skill      XL: |  1  2  3  4  5  6 |
---------------+-------------------+-----
Axes           | 3 5 6 |  6.2
Fighting       | 4 5 |  5.4
Armour         | 4 5 |  5.4
Shields        | 4 5 |  5.4

Action                   |  1- 3 |  4- 6 |  7- 9 || total
-------------------------+-------+-------+-------++-------
Melee: War axe           |    67 |    63 |       ||   130
       Headbutt          |     4 |    12 |       ||    16
       Broad axe         |       |       |     8 ||     8
Throw: Dart              |     6 |       |       ||     6
  Use: Scroll            |     4 |     5 |     3 ||    12
       Potion            |       |     1 |       ||     1
Armor: Scale mail        |    47 |    23 |    10 ||    80
Dodge: Dodged            |    50 |    43 |    19 ||   112
Block: Buckler           |    19 |    11 |     6 ||    36

Table legend: (Time is in decaauts)
 A = Elapsed time spent in this place.
 B = Non-inter-level travel time spent in this place.
 C = Inter-level travel time spent in this place.
 D = Time resting spent in this place.
 E = Time spent auto-exploring this place.
 F = Levels seen in this place.
 G = Mean time per level.
                   A        B        C        D        E       F      G
               +--------+--------+--------+--------+--------+-----+--------+
         Total |   2498 |   2444 |     54 |     92 |   1526 |   4 |  624.5 |
       Dungeon |   2498 |   2444 |     54 |     92 |   1526 |   4 |  624.5 |
               +--------+--------+--------+--------+--------+-----+--------+

Top non-repeatable levels by time:
     D:2: 810 daAuts
     D:1: 774 daAuts
     D:3: 636 daAuts
     D:4: 276 daAuts
